 Dungeon Crawl Stone Soup version 0.29.0-4-gdea44cf6ec (webtiles) character file.

Game seed: 11001842450845475530

55 qw the Chopper (level 3, -4/21 HPs)
             Began as a Tengu Warper on Aug 28, 2022.
             Killed from afar by a dart slug (5 damage)
             ... with a slug dart
             ... on level 2 of the Dungeon.
             The game lasted 00:00:08 (1592 turns).

qw the Chopper (Tengu Warper)                       Turns: 1592, Time: 00:00:08

Health: -4/21      AC:  5    Str: 13    XL:     3   Next: 93%
Magic:  7/7        EV: 11    Int: 13    God:
Gold:   84         SH:  0    Dex: 13    Spells: 6/6 levels left

rFire   . . .      SeeInvis .   a - +0 hand axe (spect)
rCold   . . .      Faith    .   (no shield)
rNeg    . . .      Spirit   .   f - +0 ring mail
rPois   .          Reflect  .   (helmet restricted)
rElec   .          Harm     .   (no cloak)
rCorr   .          Rampage  .   (no gloves)
Will    .....                   (boots unavailable)
Stlth   +.........              (no amulet)
HPRegen 0.07/turn               (no ring)
MPRegen 0.10/turn               (no ring)

@: no status effects
A: beak, talons 3
a: no special abilities


You were on level 2 of the Dungeon.
You visited 1 branch of the dungeon, and saw 2 of its levels.

You collected 84 gold pieces.


Innate Abilities, Weirdness & Mutations

You have a beak for a mouth.
You have claws for feet.


   Skills:
 - Level 2.0 Fighting
 + Level 4.5 Axes
 - Level 1.0 Throwing
 - Level 1.1 Armour
 - Level 2.1 Dodging
 - Level 2.0 Spellcasting
 - Level 2.4 Translocations


You had 6 spell levels left.
You didn't know any spells.
Your spell library contained the following spells:

 Spells                   Type           Power      Damage    Failure   Level
 Blink                    Tloc           14%        N/A       30%         2
 Gell's Gravitas          Tloc           7%         N/A       52%         3
 Lesser Beckoning         Tloc           7%         N/A       52%         3
 Teleport Other           Tloc           7%         N/A       52%         3
 Manifold Assault         Tloc           7%         N/A       99%         5

Inventory:

Hand Weapons
 a - a +0 spectral hand axe (weapon)
 b - a +0 flail
Armour
 c - a +0 scale mail
 f - a +0 ring mail (worn)
Scrolls
 e - a scroll of magic mapping {unknown}
Potions
 d - a potion of brilliance {unknown}
 i - a potion of lignification {unknown}
 j - a potion of flight {unknown}
 k - a potion of berserk rage {unknown}

Dungeon Overview and Level Annotations

Branches:
Dungeon (2/15)

Altars:


Message History

The dart slug launches a dart at you.
The slug dart hits you but does no damage.
The dart slug bites the bush but does no damage.
The dart slug bites the bush but does no damage.
The dart slug bites the bush but does no damage.
The dart slug launches a dart at you. The slug dart misses you.
The dart slug launches a dart at you. The slug dart hits you.
The dart slug launches a dart at you. The slug dart misses you.
The dart slug bites the bush but does no damage.
The dart slug bites the bush but does no damage.
The dart slug bites the bush but does no damage.
The dart slug bites the bush but does no damage.
The dart slug bites the bush.
The dart slug bites the bush but does no damage.
The dart slug bites the bush but does no damage.
The dart slug bites the bush but does no damage.
The dart slug bites the bush but does no damage.
The dart slug bites the bush but does no damage.
The dart slug bites the bush but does no damage.
The dart slug bites the bush but does no damage.
The dart slug bites the bush but does no damage.
The dart slug bites the bush but does no damage.
The dart slug launches a dart at you. The slug dart hits you.
The dart slug bites the bush but does no damage.
The dart slug bites the bush but does no damage.
The dart slug bites the bush but does no damage.
The dart slug launches a dart at you. The slug dart misses you.
The dart slug launches a dart at you. The slug dart misses you.
The dart slug bites the bush but does no damage.
The dart slug bites the bush but does no damage.
The dart slug bites the bush but does no damage.
The dart slug launches a dart at you. The slug dart hits you.
You die... #.P... ..... ....# ##...#.. #.PPPPP.P.PPP.P .... #...... #.P... .P...P.P.....# ##...#.. #.PPP.
PPP.P.P......###....### ...P.. #...##.#### PPP.P.P

#.#.#......
....wP# #......###
PPPPP########.#.##
#..@.........#.#
#.####.#.##..#.#
#.####.#
#.#.##..#.
#...>..# #.#.....#
######## #.####.##
#......# ########


You could see a dart slug.

Vanquished Creatures
  Terence (D:2)
  4 bats
  3 endoplasms
  5 giant cockroaches
  3 hobgoblins (D:1)
  A kobold (D:2)
  2 quokkas (D:1)
  2 ball pythons
  A frilled lizard (D:2)
  3 rats
25 creatures vanquished.

Notes
Turn   | Place    | Note
-------+----------+-------------------------------------------
     0 | D:1      | qw the Tengu Warper began the quest for the Orb.
     0 | D:1      | Reached XP level 1. HP: 12/12 MP: 4/4
     0 | D:1      | 0 ||| qw: Version: 0.1-a-89-g26bdef1
     0 | D:1      | 0 ||| qw: Game counter: 3259
     0 | D:1      | 0 ||| qw: Always use a shield: true
     0 | D:1      | 0 ||| qw: God list: Okawaru
     0 | D:1      | 0 ||| qw: Allow faded altars: false
     0 | D:1      | 0 ||| qw: Do Orc after D:15 true
     0 | D:1      | 0 ||| qw: Do second Lair branch before Depths: true
     0 | D:1      | 0 ||| qw: Lair rune preference: random
     0 | D:1      | 0 ||| qw: Plans: Normal
     0 | D:1      | 0 ||| PLANNING D:1-11
   236 | D:1      | Reached skill level 3 in Axes
   236 | D:1      | Reached XP level 2. HP: 17/17 MP: 6/6
   821 | D:1      | You fall into a shaft and drop 1 floor!
   887 | D:2      | Reached XP level 3. HP: 20/21 MP: 7/7
   927 | D:2      | 927 ||| UPGRADING to +0 ring mail.
   937 | D:2      | 937 ||| DROPPING +0 leather armour.
   938 | D:2      | 938 ||| READING scroll labelled QAKHITZYOKI.
   939 | D:2      | 939 ||| READING scroll labelled KIDUIF KISTI.
   940 | D:2      | 940 ||| READING scroll labelled ICICAU BODIB.
   941 | D:2      | 941 ||| DRINKING 2 smoky sapphire potions.
   942 | D:2      | 942 ||| DROPPING scroll of blinking.
   943 | D:2      | 943 ||| DROPPING potion of attraction.
   944 | D:2      | 944 ||| Stepping randomly (stuck).
   945 | D:2      | 945 ||| Stepping ~*~*~tactically~*~*~ (cloud).
   950 | D:2      | HP: 5/21 [poisoned by you (poison gas)]
  1340 | D:1      | 1340 ||| READING 3 scrolls labelled MURUME GOYTZ.
  1341 | D:1      | 1341 ||| DROPPING 2 scrolls of vulnerability.
  1429 | D:2      | Noticed Terence
  1437 | D:2      | Killed Terence
  1438 | D:2      | Reached skill level 4 in Axes
  1548 | D:2      | HP: 5/21 [dart slug/slug dart (1)]
  1556 | D:2      | HP: 2/21 [dart slug/slug dart (4)]
  1579 | D:2      | HP: 1/21 [dart slug/slug dart (3)]
  1592 | D:2      | Killed from afar by a dart slug

Levels and vault maps discovered:
D:1:      ncdulo_lavacross, layout_loops_corners, minmay_misc_feat_rugged
D:2:      layout_loops_cross, shapermc_ecumenical_altar_hornbeckon,
          chequers_arboretum, minmay_hedge_maze, grunt_decor_fettered,
          minivault_27, uniq_terence

Skill      XL: |  1  2  3 |
---------------+----------+-----
Axes           | 3 4 |  4.5
Fighting       | |  2.0
Throwing       | |  1.0
Armour         | |  1.1
Dodging        | |  2.1
Spellcasting   | |  2.0
Translocations | |  2.4

Action                   || total
-------------------------++-------
Melee: Hand axe          ||    45
       Kick              ||     7
       Peck              ||     9
       Punch             ||     2
Throw: Boomerang         ||     7
  Use: Scroll            ||     4
       Potion            ||     1
 Stab: Distracted        ||     1
Armor: Leather armour    ||     9
       Ring mail         ||     6
Dodge: Dodged            ||    27

Table legend:
 A = Non-vault XP
 B = Vault XP
 C = Vault XP percentage of total XP
 D = Non-vault monster count
 E = Vault monster count
 F = Vault count percentage of total count
                 A         B        C        D         E       F
            +---------+---------+-------+---------+---------+-------
      Total |      41 |      38 |  48.1 |      24 |       1 |   4.0
            +---------+---------+-------+---------+---------+-------
        D:1 |      28 |       0 |   0.0 |      16 |       0 |   0.0
        D:2 |      13 |      38 |  74.5 |       8 |       1 |  11.1
            +---------+---------+-------+---------+---------+-------
